[ AOE2 MATCH · #494199047 ]
UnrankedPersians vs Franks
Player's team · LOSS
Rival team · WIN
[ REPLAY ANALYSIS · EXTRACTED FROM THE RECORDED GAME ]
Feudal
18:15
Castle
—
Imperial
—
| APM avg | 23.1 |
| APM peak | 92 |
| eAPM avg | 9.9 |
| Villagers / military | 45 / 7 |
Focus
⚔️ 19.0% · 🌾 81.0%
Archer ×5 · Militia ×2
Feudal
10:37
Castle
26:31
Imperial
—
| APM avg | 30.7 |
| APM peak | 52 |
| eAPM avg | 12.5 |
| Villagers / military | 28 / 23 |
Focus
⚔️ 25.0% · 🌾 75.0%
Militia ×11 · Knight ×4 · Skirmisher ×3 · Archer ×2 · Mangonel ×2 · Scout Cavalry ×1
Match map
Initial resources + every placement click. Lines = walls · curves = elevation contours. ◆ gold · ⬟ stone · ● berries · ✦ relic · ◌ wall gap
Your base· Open — unwalled flank
LordPoseidón's base· Open — 4t gap
Smoothed initial terrain · ◌ = detected wall gap · hover for details
Inputs per minute
— ParatyBrasil - - LordPoseidón
Build order — ParatyBrasil
90 actions detected in the replay
| 0:01 | Queue | Villager (Male) |
| 0:01 | Queue | Villager (Male) |
| 0:01 | Queue | Villager (Male) |
| 0:02 | Queue | Villager (Male) |
| 0:02 | Queue | Villager (Male) |
| 0:04 | Build | House |
| 0:33 | Build | House |
| 0:37 | Build | House |
| 0:59 | Research | Loom |
| 1:08 | Build | House |
| 1:39 | Queue | Villager (Male) |
| 1:40 | Queue | Villager (Male) |
| 1:43 | Research | Loom |
| 2:24 | Queue | Villager (Male) |
| 2:24 | Queue | Villager (Male) |
| 3:35 | Build | Lumber Camp |
| 3:54 | Queue | Villager (Male) |
| 3:55 | Queue | Villager (Male) |
| 3:55 | Queue | Villager (Male) |
| 4:20 | Queue | Villager (Male) |
| 4:20 | Queue | Villager (Male) |
| 4:20 | Queue | Villager (Male) |
| 5:49 | Queue | Villager (Male) |
| 5:49 | Queue | Villager (Male) |
| 5:49 | Queue | Villager (Male) |
| 7:53 | Queue | Villager (Male) |
| 7:53 | Queue | Villager (Male) |
| 8:44 | Queue | Villager (Male) |
| 8:44 | Queue | Villager (Male) |
| 9:38 | Build | Town Center |
| 10:24 | Build | Mining Camp |
| 11:01 | Build | Mill |
| 11:26 | Queue | Villager (Male) |
| 11:26 | Queue | Villager (Male) |
| 11:27 | Queue | Villager (Male) |
| 11:27 | Queue | Villager (Male) |
| 11:55 | Build | House |
| 13:00 | Build | Barracks |
| 13:07 | Queue | Villager (Male) |
| 13:07 | Queue | Villager (Male) |
| 13:07 | Queue | Villager (Male) |
| 13:43 | Build | Farm |
| 13:46 | Queue | Militia |
| 13:46 | Queue | Militia |
| 13:54 | Build | Farm |
| 13:56 | Build | Farm |
| 13:59 | Build | Farm |
| 14:13 | Queue | Villager (Male) |
| 14:14 | Queue | Villager (Male) |
| 14:17 | Build | House |
| 14:30 | Build | House |
| 14:45 | Build | Farm |
| 14:47 | Build | Farm |
| 16:02 | Research | Feudal Age |
| 17:07 | Build | Mining Camp |
| 18:15 | Age | Feudal Age |
| 18:22 | Build | Archery Range |
| 18:27 | Build | Watch Tower |
| 18:33 | Build | Watch Tower |
| 19:32 | Build | Watch Tower |
| 20:15 | Queue | Archer |
| 20:15 | Queue | Archer |
| 20:30 | Build | Mining Camp |
| 20:35 | Queue | Villager (Male) |
| 20:35 | Queue | Villager (Male) |
| 20:35 | Queue | Villager (Male) |
| 20:36 | Queue | Villager (Male) |
| 21:02 | Queue | Villager (Male) |
| 21:39 | Build | Market |
| 21:48 | Queue | Villager (Male) |
| 21:48 | Queue | Villager (Male) |
| 21:48 | Queue | Villager (Male) |
| 21:49 | Queue | Villager (Male) |
| 21:57 | Research | Gold Mining |
| 22:50 | Build | Watch Tower |
| 23:31 | Queue | Archer |
| 23:47 | Build | Lumber Camp |
| 24:21 | Build | Farm |
| 24:32 | Queue | Villager (Male) |
| 24:32 | Queue | Villager (Male) |
| 24:32 | Queue | Villager (Male) |
| 25:14 | Queue | Archer |
| 25:14 | Queue | Archer |
| 25:35 | Queue | Villager (Male) |
| 25:35 | Queue | Villager (Male) |
| 25:54 | Build | Mining Camp |
| 26:54 | Build | Lumber Camp |
| 27:13 | Build | Lumber Camp |
| 27:29 | Build | Farm |
| 28:22 | Build | Watch Tower |
Build order — LordPoseidón
101 actions detected in the replay
| 0:03 | Build | House |
| 0:04 | Queue | Villager (Male) ×4 |
| 0:06 | Build | House |
| 1:36 | Queue | Villager (Male) |
| 2:03 | Queue | Villager (Male) |
| 2:23 | Queue | Villager (Male) |
| 2:52 | Queue | Villager (Male) |
| 3:02 | Build | House |
| 3:16 | Queue | Villager (Male) |
| 3:29 | Build | House |
| 3:48 | Queue | Villager (Male) |
| 3:59 | Queue | Villager (Male) |
| 4:20 | Build | Mill |
| 4:34 | Queue | Villager (Male) |
| 4:55 | Queue | Villager (Male) |
| 5:08 | Build | Lumber Camp |
| 5:23 | Queue | Villager (Male) |
| 5:46 | Queue | Villager (Male) |
| 6:00 | Research | Loom |
| 6:02 | Build | Mill |
| 7:22 | Queue | Villager (Male) |
| 8:27 | Research | Feudal Age |
| 8:28 | Research | Feudal Age |
| 10:37 | Age | Feudal Age |
| 10:42 | Research | Double-Bit Axe |
| 11:00 | Queue | Villager (Male) |
| 11:01 | Queue | Villager (Male) |
| 11:08 | Build | Lumber Camp |
| 11:35 | Build | Barracks |
| 11:41 | Queue | Villager (Male) |
| 11:48 | Build | House |
| 11:49 | Build | House |
| 12:10 | Build | Market |
| 12:15 | Queue | Villager (Male) |
| 12:31 | Build | Mining Camp |
| 12:36 | Research | Man-at-Arms (upgrade) |
| 12:53 | Build | Town Center |
| 13:48 | Build | Lumber Camp |
| 14:05 | Queue | Villager (Male) |
| 14:19 | Queue | Militia |
| 14:32 | Queue | Villager (Male) |
| 14:38 | Queue | Militia |
| 14:48 | Queue | Militia |
| 14:54 | Build | Blacksmith |
| 15:08 | Build | Farm |
| 15:08 | Build | Farm |
| 15:08 | Build | Farm |
| 15:21 | Queue | Militia |
| 15:46 | Research | Arson |
| 15:53 | Build | Stable |
| 16:43 | Queue | Villager (Male) |
| 16:49 | Build | House |
| 16:50 | Build | House |
| 17:12 | Build | Farm |
| 17:13 | Queue | Villager (Male) |
| 17:38 | Research | Forging |
| 17:42 | Queue | Militia |
| 17:51 | Build | Farm |
| 17:57 | Queue | Militia |
| 18:12 | Research | Scale Mail Armor |
| 18:24 | Build | House |
| 18:27 | Queue | Militia |
| 19:03 | Queue | Militia |
| 19:22 | Queue | Militia |
| 19:30 | Queue | Militia |
| 20:04 | Queue | Militia |
| 20:36 | Build | Archery Range |
| 20:42 | Build | House |
| 20:44 | Queue | Villager (Male) |
| 21:05 | Queue | Villager (Male) |
| 21:09 | Build | Mill |
| 21:10 | Build | Farm |
| 21:11 | Build | Farm |
| 21:11 | Build | Farm |
| 21:11 | Build | Farm |
| 21:11 | Build | Farm |
| 21:12 | Build | Farm |
| 21:22 | Queue | Skirmisher |
| 21:22 | Queue | Skirmisher |
| 21:47 | Build | Farm |
| 22:04 | Queue | Skirmisher |
| 22:24 | Queue | Scout Cavalry |
| 23:51 | Research | Castle Age |
| 23:57 | Build | Farm |
| 24:35 | Queue | Archer |
| 25:07 | Queue | Archer |
| 26:31 | Age | Castle Age |
| 26:39 | Build | Siege Workshop |
| 26:48 | Queue | Knight |
| 26:49 | Queue | Knight |
| 26:49 | Queue | Knight |
| 26:52 | Research | Iron Casting |
| 26:58 | Build | Palisade Wall |
| 27:07 | Queue | Mangonel |
| 27:22 | Queue | Mangonel |
| 27:25 | Queue | Villager (Male) |
| 27:26 | Queue | Villager (Male) |
| 27:36 | Build | Farm |
| 28:04 | Build | House |
| 28:05 | Build | House |
| 28:41 | Queue | Knight |
Match timeline
| 10:37 | LordPoseidón · age_up feudal |
| 11:35 | LordPoseidón · first_building Barracks |
| 13:00 | ParatyBrasil · first_building Barracks |
| 15:19 | LordPoseidón · first_market_sell 100 wood |
| 15:20 | LordPoseidón · first_market_buy 100 food |
| 15:53 | LordPoseidón · first_building Stable |
| 18:15 | ParatyBrasil · age_up feudal |
| 18:22 | ParatyBrasil · first_building Archery Range |
| 20:36 | LordPoseidón · first_building Archery Range |
| 23:27 | ParatyBrasil · first_market_sell 100 food |
| 23:37 | ParatyBrasil · first_market_buy 100 wood |
| 26:31 | LordPoseidón · age_up castle |
| 26:39 | LordPoseidón · first_building Siege Workshop |
| 26:58 | LordPoseidón · wall_segment Palisade Wall x1 |
| 29:12 | ParatyBrasil · resign |
[ AI ANALYSIS · 1 CREDIT ]
What really happened in this match?
Wolo.gg analyzes every decision: build order, eco, micro, common mistakes by bracket. Personalized analysis on WhatsApp or Discord in 30 seconds.
Civ guide
Persians
Perfil
Jugador #248235